 Dungeon Crawl Stone Soup version 0.23-a0-677-g07611c5 (webtiles) character file.

17459 TheGoonsmith the Nimble (level 12, -4/84 HPs)
             Began as a Merfolk Ice Elementalist on Jan 8, 2019.
             Was a High Priest of Hepliaklqana.
             Slain by a wolf spider (8 damage)
             ... in a Gauntlet on Jan 9, 2019.
             The game lasted 00:55:04 (17319 turns).

TheGoonsmith the Nimble (Merfolk Ice Elementalist) Turns: 17319, Time: 00:55:05

Health: -4/84      AC:  7    Str: 13    XL:     12   Next: 48%
Magic:  1/23       EV: 20    Int: 16    God:    Hepliaklqana [*****.]
Gold:   790        SH:  0    Dex: 17    Spells: 7/26 levels left

rFire    . . .     SeeInvis +   Q - +0 halberd
rCold    . . .     Gourm    .   (shield currently unavailable)
rNeg     . . .     Faith    .   J - +0 troll leather armour
rPois    .         Spirit   .   E - +2 hat
rElec    .         Reflect  .   (no cloak)
rCorr    +         Harm     .   S - +2 pair of gloves of Analysis {Str+4}
MR       .....     NoTele   +   (no boots)
Stlth    ++........             N - amulet of magic regeneration
HPRegen  0.64/turn              M - ring of resist corrosion
MPRegen  0.43/turn              j - ring of see invisible

@: icy armour, corroded, very slightly contaminated
A: change form in water, swift swim, stealthy swim, reduced essence
a: Recall Ancestor, Ancestor Identity, Transference, Idealise, Renounce Religion


You were in a Gauntlet.
You worshipped Hepliaklqana.
Hepliaklqana was extremely pleased with you.
You were very hungry.

You visited 3 branches of the dungeon, and saw 14 of its levels.
You also visited: Ossuary and Gauntlet.

You collected 790 gold pieces.

Inventory:

Hand Weapons
 b - a +0 mace
 f - a +3 mace of protection
 u - a +3 flail of protection
 y - a +0 spear
 C - a +1 trident
 Q - a +0 halberd (weapon)
Armour
 a - a +0 robe
 B - a +1 pair of gloves
 E - a +2 hat (worn)
 H - a +1 ring mail of cold resistance
 I - a +0 leather armour
 J - a +0 troll leather armour (worn)
 S - the +2 pair of gloves of Analysis (worn) {Str+4}
   (You found it on level 1 of the Lair of Beasts)

   It affects your strength (+4).
 T - the cursed +1 ring mail of an ossuary {rC- Str+2 Int+4}
   (You found it on level 2 of the Lair of Beasts)

   It affects your strength (+2).
   It affects your intelligence (+4).
   It makes you vulnerable to cold.
   It has a curse placed upon it.
Jewellery
 j - a ring of see invisible (right hand)
 n - an uncursed amulet of guardian spirit
 z - an uncursed amulet of faith
 M - a ring of resist corrosion (left hand)
 N - an amulet of magic regeneration (around neck)
 P - an uncursed ring of ice
Wands
 g - a wand of clouds (3)
 i - a wand of enslavement (6)
 x - a wand of acid (13)
 G - a wand of polymorph (14)
 O - a wand of digging (4)
Scrolls
 p - 3 scrolls of fog
 r - 3 scrolls of identify
 w - 3 scrolls of amnesia
 A - a scroll of blinking
 D - a scroll of remove curse
 F - a scroll of magic mapping
 K - 6 scrolls of teleportation
 R - 2 scrolls of fear
Potions
 d - 2 potions of curing
 e - a potion of invisibility
 h - a potion of agility
 k - 2 potions of cancellation
 l - 3 potions of brilliance
 m - 3 potions of lignification
 o - 3 potions of flight
 q - 3 potions of mutation
 t - 2 potions of haste
 v - a potion of might
 L - a potion of magic {unknown}
Comestibles
 c - 12 rations


   Skills:
 + Level 8.9 Fighting
 + Level 3.0 Polearms
 - Level 12.0 Dodging
 - Level 2.1 Stealth
 + Level 7.7 Spellcasting
 - Level 4.0 Conjurations
 + Level 5.2 Hexes
 - Level 4.1 Summonings
 + Level 10.5 Ice Magic
 + Level 6.1 Invocations


You had 7 spell levels left.
You knew the following spells:

 Your Spells              Type           Power        Failure   Level  Hunger
a - Freeze                Ice            ####         1%          1    None
b - Throw Frost           Conj/Ice       ####..       1%          2    None
c - Ozocubu's Armour      Chrm/Ice       ###.....     4%          3    ##.....
d - Metabolic Englaciati  Hex/Ice        ####......   16%         5    #####..
x - Throw Icicle          Conj/Ice       ####....     8%          4    ####...
z - Summon Ice Beast      Ice/Summ       ####....     7%          4    ####...

Your spell library contained the following spells:

 Spells                   Type           Power        Failure   Level  Hunger
 Confusing Touch          Hex            ###...       1%          1    None
 Confuse                  Hex            ###.....     4%          3    ##.....
 Flame Tongue             Conj/Fire      ##...        6%          1    None
 Sting                    Conj/Pois      ##..         6%          1    None
 Throw Flame              Conj/Fire      ##....       10%         2    None
 Animate Skeleton         Necr           N/A          14%         1    None
 Pain                     Necr           #...         14%         1    None
 Inner Flame              Hex/Fire       ##......     16%         3    ##.....
 Conjure Flame            Conj/Fire      ##......     19%         3    ##.....
 Poisonous Vapours        Pois/Air       #.....       22%         2    None
 Mephitic Cloud           Conj/Pois/Air  ##......     26%         3    ##.....
 Gell's Gravitas          Tloc           #.........   41%         3    ##.....
 Regeneration             Chrm/Necr      #.........   41%         3    ##.....
 Vampiric Draining        Necr           #.........   41%         3    ##.....
 Sticky Flame             Conj/Fire      ##......     54%         4    ####...
 Yara's Violent Unravell  Hex/Tmut       ##........   80%         5    #####..
 Animate Dead             Necr           N/A          82%         4    ####...
 Olgreb's Toxic Radiance  Pois           #.......     82%         4    ####...
 Petrify                  Tmut/Erth      #.......     82%         4    ####...
 Fireball                 Conj/Fire      ##........   87%         5    #####..
 Venom Bolt               Conj/Pois      ##........   87%         5    #####..


Dungeon Overview and Level Annotations

Branches:
Dungeon (11/15)            Temple (1/1) D:6            Lair (2/6) D:11
    Orc (0/2) D:11
  Swamp: Lair:2-4    Shoals: Lair:2-4     Snake: Lair:2-4    Spider: Lair:2-4

Altars:
Ashenzari
Cheibriados
Dithmenos
Elyvilon
Fedhas
Gozag
Hepliaklqana
Kikubaaqudgha
Makhleb
Nemelex Xobeh
Okawaru
Qazlal
Ru
Sif Muna
Trog
Uskayaw
Vehumet
Wu Jian
Xom
Yredelemnul
Zin
The Shining One
Beogh

Annotations:
D:11 2 transporters, soulfreshner's ghost, journeyman SpAs Gauntlet 16 runed translucent doors, 13 transporters


Message History

Unknown command.
Casting: Freeze (safe; 1% risk of failure)
Confirm with . or Enter, or press ? or * to list all spells.
Aiming: Freeze (safe; 1% risk of failure)
Press: ? - help, Shift-Dir - straight line, f/p - wolf spider
Aim: a wolf spider (heavily wounded, clinging)
You freeze the wolf spider.
The wolf spider is heavily wounded.
The wolf spider barely misses you. x2; The entropy weaver hits you!
* * * LOW HITPOINT WARNING * * *
The entropy weaver hits you!
* * * LOW HITPOINT WARNING * * *
The entropy weaver hits you.
* * * LOW HITPOINT WARNING * * *
The entropy weaver completely misses you.
Your ice beast hits the entropy weaver but does no damage.
The wolf spider hits you.
* * * LOW HITPOINT WARNING * * *
The wolf spider bites you!
You die...

###################...###########
.....J#.#.........#...#.w......w#
...##J#.#..†...PP.#...#...###...#
###.#J#.#..#.P.#..#...#....#. ..#
#^##^.#.#.P....P..#...#w#.©# .#
.©....#.#....©....#...#.####
#^##^.#.#..P....Y.#...#w#..# .#
###.#.#.#..#...#Pa#...#....#w ..#
...##^#.#.PP...s@.#...#...#.#..w#
[©?!..#.#..."©)Y..#...#.."|©!..w#
###################...###########
#©...........©#...........#©.....
#######.#######.....⌠.....#######
......#.#.......................#
......#.###########...###########
####..#.#...§.....#...#h2......h#
#..#.#.^##.##^○#...#.##.##.#3#


You could see an entropy weaver, a wolf spider, 2 swamp worms, a hell hound and
2 friendly ice beasts.

Vanquished Creatures
  2 hydras
  2 two-headed ogres
  A black mamba (Lair:2)
  A centaur skeleton (D:11)
  A komodo dragon (Lair:1)
  2 trolls
  A hornet (D:9)
  3 hippogriffs
  6 yaks
  A chaos spawn (Gauntlet)
  A neqoxec (Gauntlet)
  3 orc warriors
  2 sky beasts
  4 ogres
  4 centaurs
  2 crocodiles
  5 bullfrogs
  2 water moccasin zombies (Ossuary)
  4 scorpions
  2 crimson imps
  A quasit (D:10)
  3 jellies
  2 centaur zombies
  A hound (D:9)
  7 orc priests
  An orc wizard (D:7)
  A gnoll shaman (D:5)
  Ijyb (D:4)
  Terence (D:2)
  7 worker ants
  Natasha (twice) (D:4)
  2 big kobold zombies (Ossuary)
  A hound zombie (D:6)
  A hound skeleton (D:5)
  A mummy (Ossuary)
  5 gnolls (D:5)
  14 adders
  3 shadow imps (D:8)
  2 oozes
  An adder skeleton (D:5)
  2 adder zombies
  2 worms (D:2)
  2 dart slugs
  5 leopard geckos
  26 orcs
  4 bats
  7 giant cockroaches
  A gnoll zombie (Ossuary)
  12 goblins
  9 hobgoblins
  7 jackals
  13 kobolds
  9 quokkas
  3 ball pythons
  5 frilled lizards
  3 kobold zombies (Ossuary)
  4 orc zombies (Ossuary)
  A quokka skeleton (D:9)
  4 rats
225 creatures vanquished.

Vanquished Creatures (collateral kills)
  Gastronok (D:8)
  Snorg (D:11)
  Fannar (D:11)
  Pikel (D:8)
  A centaur skeleton (D:10)
  A spiny frog (Lair:1)
  2 trolls
  5 hippogriffs
  A hornet (D:9)
  A redback (Gauntlet)
  2 wyverns (D:9)
  A human (D:8)
  11 yaks
  A basilisk (D:11)
  4 hogs (D:8)
  A hungry ghost (D:9)
  2 chaos spawn (Gauntlet)
  An insubstantial wisp (Lair:1)
  2 vampire mosquitoes (Lair:1)
  A warg (D:11)
  A water moccasin (Lair:1)
  3 orc warriors
  2 porcupines (Lair:1)
  3 ice beasts
  A slave (D:8)
  A swamp drake (Lair:1)
  A hornet zombie (D:11)
  4 ogres
  A centaur (D:9)
  A crocodile (Lair:1)
  2 big kobolds (D:9)
  3 bullfrogs
  2 scorpions
  3 howler monkeys (D:9)
  A crimson imp (D:5)
  3 jellies
  2 centaur zombies
  2 hounds
  A bullfrog skeleton (D:11)
  5 orc priests
  7 orc wizards
  3 iguanas
  3 worker ants
  A killer bee zombie (D:6)
  2 big kobold zombies (Ossuary)
  3 hound skeletons
  A mummy (Ossuary)
  An adder (D:11)
  2 shadow imps (D:6)
  2 adder zombies (Ossuary)
  A dart slug (D:5)
  A leopard gecko (D:5)
  35 orcs
  3 gnoll zombies (Ossuary)
  A hobgoblin (D:11)
  5 kobolds
  A hobgoblin zombie (Ossuary)
  A kobold zombie (Ossuary)
  A leopard gecko zombie (D:7)
  An orc zombie (Ossuary)
  A butterfly (D:6)
159 creatures vanquished.

Vanquished Creatures (others)
  14 hexers
  2 ancestors
  An orc (D:8)
  6 fungi
  8 plants (Gauntlet)
31 creatures vanquished.

Grand Total: 415 creatures vanquished

Notes
Turn   | Place    | Note
-------+----------+-------------------------------------------
     0 | D:1      | TheGoonsmith the Merfolk Ice Elementalist began the quest
                  | for the Orb.
     0 | D:1      | Reached XP level 1. HP: 13/13 MP: 3/3
   192 | D:1      | Reached skill level 3 in Dodging
   192 | D:1      | Reached XP level 2. HP: 12/19 MP: 3/5
   951 | D:1      | Reached XP level 3. HP: 24/24 MP: 4/6
  1502 | D:2      | Found a bloodstained altar of Trog.
  1749 | D:2      | Reached XP level 4. HP: 17/30 MP: 1/8
  2002 | D:2      | Reached skill level 4 in Dodging
  2159 | D:2      | Noticed Terence
  2169 | D:2      | Killed Terence
  2473 | D:2      | Found a hazy altar of Hepliaklqana.
  2541 | D:2      | Reached XP level 5. HP: 31/35 MP: 3/9
  2783 | D:2      | Became a worshipper of Hepliaklqana the Forgotten
  2950 | D:3      | Reached skill level 5 in Dodging
  3226 | D:3      | Reached skill level 5 in Ice Magic
  3231 | D:3      | Learned a level 3 spell: Ozocubu's Armour
  3236 | D:3      | Learned a level 4 spell: Summon Ice Beast
  3256 | D:3      | Noticed an ogre
  3305 | D:2      | Learned a level 2 spell: Throw Frost
  3523 | D:3      | Killed an ogre
  3523 | D:3      | Reached skill level 1 in Fighting
  3523 | D:3      | Reached skill level 1 in Summonings
  3523 | D:3      | Reached XP level 6. HP: 19/38 MP: 4/10
  4215 | D:3      | Reached * piety under Hepliaklqana
  4464 | D:4      | Found a sparkling altar of Nemelex Xobeh.
  4467 | D:4      | Noticed Ijyb
  4478 | D:4      | Killed Ijyb
  4709 | D:4      | Noticed Natasha
  4716 | D:4      | Killed Natasha
  4841 | D:4      | Noticed Natasha
  4855 | D:4      | Killed Natasha
  4988 | D:4      | Reached XP level 7. HP: 44/45 MP: 12/12
  5397 | D:5      | Entered Level 5 of the Dungeon
  5600 | D:5      | Found a snail-covered altar of Cheibriados.
  5614 | D:5      | Found a shimmering altar of Xom.
  5659 | D:5      | Found a sand-covered staircase.
  5841 | Ossuary  | Entered an ossuary
  6043 | Ossuary  | Reached XP level 8. HP: 51/52 MP: 14/14
  6368 | D:5      | Learned a level 4 spell: Throw Icicle
  6480 | D:5      | Reached ** piety under Hepliaklqana
  6489 | D:5      | Remembered your ancestor Servia as a hexer
  6531 | D:5      | Reached skill level 5 in Spellcasting
  7045 | D:5      | Reached skill level 1 in Conjurations
  7155 | D:5      | Found an ornate altar of the Wu Jian Council.
  7155 | D:5      | Found a shimmering altar of Xom.
  7548 | D:6      | Found a deep blue altar of Sif Muna.
  7728 | D:6      | Found a staircase to the Ecumenical Temple.
  7774 | Temple   | Entered the Ecumenical Temple
  8027 | D:6      | Reached XP level 9. HP: 25/58 MP: 11/16
  9315 | D:7      | Reached skill level 6 in Dodging
  9347 | D:7      | Reached skill level 5 in Fighting
  9433 | D:7      | Reached *** piety under Hepliaklqana
  9608 | D:7      | Upgraded the game from 0.23-a0-667-gc184e93 to
                  | 0.23-a0-677-g07611c5
  9632 | D:7      | Reached skill level 7 in Dodging
 10297 | D:8      | Reached skill level 8 in Dodging
 10550 | D:8      | Noticed Gastronok
 10601 | D:8      | Killed Gastronok
 10601 | D:8      | Reached skill level 11 in Dodging
 10601 | D:8      | Reached XP level 10. HP: 18/66 MP: 12/17
 11004 | D:8      | Found a roughly hewn altar of Beogh.
 11603 | D:8      | Noticed Pikel
 11637 | D:8      | Killed Pikel
 11637 | D:8      | Reached skill level 12 in Dodging
 12149 | D:9      | Learned a level 5 spell: Metabolic Englaciation
 12176 | D:9      | Reached skill level 1 in Hexes
 12182 | D:9      | Reached XP level 11. HP: 39/76 MP: 3/18
 12419 | D:9      | Noticed a two-headed ogre
 12440 | D:8      | Killed a two-headed ogre
 13012 | D:9      | Found a blossoming altar of Fedhas.
 13212 | D:10     | Entered Level 10 of the Dungeon
 13355 | D:10     | Noticed a two-headed ogre
 13365 | D:10     | Killed a two-headed ogre
 13633 | D:10     | Reached **** piety under Hepliaklqana
 13680 | D:10     | Reached skill level 10 in Ice Magic
 14103 | D:10     | Reached skill level 1 in Invocations
 14327 | D:11     | Noticed Fannar
 14349 | D:11     | Killed Fannar
 14394 | D:11     | Found a staircase to the Lair.
 14707 | D:11     | Found a staircase to the Orcish Mines.
 14732 | D:11     | Reached skill level 5 in Invocations
 14835 | D:11     | Found a transporter.
 14841 | D:11     | Noticed soulfreshner's ghost (journeyman SpAs)
 14874 | D:11     | Noticed a four-headed hydra
 14875 | D:11     | Found a transporter.
 14888 | D:11     | Killed a four-headed hydra
 14888 | D:11     | Reached XP level 12. HP: 65/84 MP: 9/22
 15060 | D:11     | Noticed Snorg
 15070 | D:11     | Killed Snorg
 15578 | Lair:1   | Entered Level 1 of the Lair of Beasts
 15652 | Lair:1   | Got a pair of scorched gloves
 15663 | Lair:1   | Identified the +2 pair of gloves of Analysis {Str+4} (You
                  | found it on level 1 of the Lair of Beasts)
 15734 | Lair:1   | Reached skill level 1 in Polearms
 15783 | Lair:1   | Noticed a six-headed hydra
 15793 | Lair:1   | Killed a six-headed hydra
 15841 | Lair:1   | Reached skill level 5 in Hexes
 16012 | Lair:1   | Reached ***** piety under Hepliaklqana
 16864 | Lair:2   | Found a gate leading to a gauntlet.
 16872 | Lair:2   | Got a shimmering ring mail
 16875 | Lair:2   | Identified the cursed +1 ring mail of an ossuary {rC- Str+2
                  | Int+4} (You found it on level 2 of the Lair of Beasts)
 16877 | Gauntlet | Entered a Gauntlet
 16877 | Gauntlet | Found a large runed translucent door.
 16877 | Gauntlet | Found a large runed translucent door.
 16877 | Gauntlet | Found a large runed translucent door.
 16877 | Gauntlet | Found a large runed translucent door.
 16877 | Gauntlet | Found a large runed translucent door.
 16877 | Gauntlet | Found a large runed translucent door.
 16877 | Gauntlet | Found a runed translucent door.
 16877 | Gauntlet | Found a transporter.
 16877 | Gauntlet | Found a transporter.
 16877 | Gauntlet | Found a runed translucent door.
 16877 | Gauntlet | Found a large runed translucent door.
 16877 | Gauntlet | Found a large runed translucent door.
 16877 | Gauntlet | Found a large runed translucent door.
 16877 | Gauntlet | Found a large runed translucent door.
 16877 | Gauntlet | Found a large runed translucent door.
 16877 | Gauntlet | Found a large runed translucent door.
 16881 | Gauntlet | Found a transporter.
 16887 | Gauntlet | Found a transporter.
 16888 | Gauntlet | Found a large runed translucent door.
 16888 | Gauntlet | Found a large runed translucent door.
 16889 | Gauntlet | Found a runed translucent gate.
 16889 | Gauntlet | Found a runed translucent gate.
 16891 | Gauntlet | Found a transporter.
 16891 | Gauntlet | Found a runed translucent gate.
 16909 | Gauntlet | Noticed an entropy weaver
 16910 | Gauntlet | Found a transporter.
 16920 | Gauntlet | Found a transporter.
 16920 | Gauntlet | Found a transporter.
 16922 | Gauntlet | Found the +0 Maxwell's etheric cage {RegenMP+ *Contam rElec
                  | MP+4}
 16944 | Gauntlet | Found a transporter.
 16973 | Gauntlet | Found a large runed translucent door.
 16973 | Gauntlet | Found a large runed translucent door.
 16995 | Gauntlet | Found a transporter.
 17007 | Gauntlet | Found a transporter.
 17008 | Gauntlet | Found the +3 hat of Pondering {ponderous, MR+ MP+10 Int+5}
 17016 | Gauntlet | Noticed a death ooze
 17022 | Gauntlet | Found a transporter.
 17096 | Gauntlet | Found a transporter.
 17111 | Gauntlet | Found a transporter.
 17124 | Gauntlet | Noticed a wretched star
 17125 | Gauntlet | Found a transporter.
 17141 | Gauntlet | Found a transporter.
 17311 | Gauntlet | HP: 4/84 [poisoned by a wolf spider]
 17319 | Gauntlet | HP: 4/84 [wolf spider (5)]
 17319 | Gauntlet | Slain by a wolf spider

Vault maps used:
D:1:      dpeg_arrival_morbid_curiosity, serial_park_tiny_pond
D:2:      nicolae_overflow_hidden_temple, trog_butcher_becter, uniq_terence
D:4:      nemelex_xobeh_ov_fountains_minmay, uniq_ijyb, uniq_natasha
D:5:      wad_crossroads, chequers_temple_overflow_statue_of_worship,
          nicolae_ossuary_entry_false_entrances, basic_altar, first_ration,
          kennysheep_slug_shrine
D:6:      lemuel_blue_sif_altar, minmay_temple_entry_butterflies
D:8:      special_room, grunt_livestock, uniq_gastronok, uniq_pikel
D:9:      minmay_bloctagon, marbit_many_paths
D:10:     minivault_22
D:11:     david_lair_generic, erik_orc_3, gammafunk_ghost_hive, uniq_fannar,
          uniq_snorg
Temple:   eino_temple_scatter_basement
Lair:1:   pond
Lair:2:   gauntlet_entry_generic, lightli_volcano_entry_magma_tube,
          serial_bayou_shore_b, lemuel_fruit_tree, serial_bayou_shore_b,
          grunt_megastairs_2
Ossuary:  ossuary_tomb_2
Gauntlet: gammafunk_gauntlet_branching

Skill      XL: |  1  2  3  4  5  6  7  8  9 10 11 12 |
---------------+-------------------------------------+-----
Dodging        | 3 4 5 11 12 | 12.0
Ice Magic      | 4 5 6 7 8 9 10 | 10.5
Spellcasting   | 3 4 5 7 |  7.7
Fighting       | 1 2 3 4 5 7 8 |  8.9
Summonings     | 1 3 4 |  4.1
Conjurations   | 2 4 |  4.0
Hexes          | 1 4 5 |  5.2
Invocations    | 5 6 |  6.1
Polearms       | 3 |  3.0
Stealth        | |  2.1

Action                   |  1- 3 |  4- 6 |  7- 9 | 10-12 || total
-------------------------+-------+-------+-------+-------++-------
Melee: Unarmed           |     1 |       |       |       ||     1
       Mace              |    20 |    27 |   147 |       ||   194
       Flail             |       |       |    61 |   142 ||   203
       Halberd           |       |       |       |    43 ||    43
 Cast: Freeze            |    53 |   101 |    91 |   211 ||   456
       Throw Frost       |       |     4 |    18 |       ||    22
       Ozocubu's Armour  |       |     3 |    18 |    24 ||    45
       Summon Ice Beast  |       |       |    23 |    73 ||    96
       Throw Icicle      |       |       |     1 |    10 ||    11
Invok: Recall Ancestor   |       |       |     3 |     2 ||     5
       Ancestor Life: He |       |       |     1 |       ||     1
       Ancestor Identity |       |       |     1 |       ||     1
       Idealise          |       |       |       |     1 ||     1
       Transference      |       |       |       |     1 ||     1
Evoke: Wand              |       |       |     2 |     3 ||     5
  Use: Scroll            |       |     8 |     8 |    14 ||    30
       Potion            |       |       |       |     8 ||     8
 Stab: Sleeping          |     1 |     2 |     2 |       ||     5
       Distracted        |       |     2 |     2 |     4 ||     8
       Confused          |       |       |     1 |     1 ||     2
       Invisible         |       |       |       |     2 ||     2
  Eat: Chunk             |     3 |    11 |    14 |    24 ||    52
       Ration            |       |       |     3 |     4 ||     7
Armor: Robe              |    14 |    18 |    77 |     5 ||   114
       Troll leather arm |       |       |       |   133 ||   133
       Leather armour    |       |       |       |     7 ||     7
       Ring mail         |       |       |       |     2 ||     2
Dodge: Dodged            |    38 |    75 |   276 |   576 ||   965

Table legend:
 A = Non-vault XP
 B = Vault XP
 C = Vault XP percentage of total XP
 D = Non-vault monster count
 E = Vault monster count
 F = Vault count percentage of total count
                 A         B        C        D         E       F
            +---------+---------+-------+---------+---------+-------
      Total |   15583 |    9359 |  37.5 |     269 |     113 |  29.6
            +---------+---------+-------+---------+---------+-------
        D:1 |      29 |      10 |  25.6 |      15 |       5 |  25.0
        D:2 |      85 |      45 |  34.6 |      24 |       5 |  17.2
        D:3 |     246 |       0 |   0.0 |      32 |       0 |   0.0
        D:4 |     195 |      73 |  27.2 |       7 |       2 |  22.2
        D:5 |     680 |      52 |   7.1 |      25 |       3 |  10.7
        D:6 |    1053 |       0 |   0.0 |      27 |       0 |   0.0
        D:7 |    1005 |       0 |   0.0 |      29 |       0 |   0.0
        D:8 |     619 |    4040 |  86.7 |      23 |      32 |  58.2
        D:9 |    2411 |     643 |  21.1 |      30 |      12 |  28.6
       D:10 |    2788 |       0 |   0.0 |      17 |       0 |   0.0
       D:11 |    3530 |    2532 |  41.8 |      25 |      18 |  41.9
     Lair:1 |    2852 |     459 |  13.9 |      14 |       4 |  22.2
     Lair:2 |      90 |     543 |  85.8 |       1 |       2 |  66.7
    Ossuary |       0 |     319 | 100.0 |       0 |      25 | 100.0
   Gauntlet |       0 |     643 | 100.0 |       0 |       5 | 100.0
            +---------+---------+-------+---------+---------+-------
